 Dungeon Crawl Stone Soup version 0.32-a0-643-ga006e7742e (webtiles) character file.

Game seed: 9265118878583634646

161 IdlyInterested the Slasher (level 5, 0/38 HPs)
             Began as a Demonspawn Gladiator on Mar 7, 2024.
             Killed from afar by Sigmund (1 damage)
             ... with a puff of flame
             ... on level 3 of the Dungeon.
             The game lasted 00:06:56 (2082 turns).

IdlyInterested the Slasher (Demonspawn Gladiator)   Turns: 2082, Time: 00:06:58

Health: 0/38       AC:  8    Str: 17    XL:     5   Next: 18%
Magic:  5/5        EV:  8    Int:  8    God:
Gold:   183        SH:  0    Dex: 16    Spells: 4/4 levels left

rFire   . . .        a - +0 long sword
rCold   . . .        (no shield)
rNeg    . . .        q - +0 chain mail
rPois   .            (helmet restricted)
rElec   .            (no cloak)
rCorr   .            (no gloves)
SInv    .            (no boots)
Will    ++...        (no amulet) Stlth
                     g - ring of willpower
HPRegen 0.26/turn    (no ring)
MPRegen 0.09/turn

%: no passive effects
@: brilliant, enlightened, flying
A: horns 1, thin skeletal structure 1
a: no special abilities


You were on level 3 of the Dungeon.
You visited 1 branch of the dungeon, and saw 3 of its levels.

You collected 183 gold pieces.

Inventory:

Hand Weapons
 a - a +0 long sword (weapon)
 j - a +0 vampiric short sword
 o - a +0 dagger of venom
Missiles
 d - a throwing net
 e - 3 javelins
 h - 21 stones (quivered)
 r - 11 poisoned darts
Armour
 b - a +0 leather armour
 l - a +0 scale mail
 q - a +0 chain mail (worn)
Jewellery
 g - a ring of willpower (left hand)
Scrolls
 f - 3 scrolls of identify {unknown}
 k - 2 scrolls of fear {unknown}
 n - a scroll of amnesia {unknown}
 p - a scroll of teleportation {unknown}
Potions
 c - a potion of enlightenment


   Skills:
 - Level 2.0 Fighting
 + Level 4.8 Long Blades
 - Level 1.7 Throwing
 - Level 1.0 Armour
 - Level 2.6 Dodging
 - Level 1.0 Stealth
 - Level 1.0 Evocations
 + Level 0.5 Shapeshifting


You had 4 spell levels left.
You didn't know any spells.
Your spell library was empty.

Dungeon Overview and Level Annotations

Branches:
Dungeon (3/15)

Altars:
Ashenzari

Annotations:
D:3 Sigmund


Innate Abilities, Weirdness & Mutations

You have a pair of small horns on your head.
You have a somewhat thin skeletal structure. (Dex +2, Stealth+)


Message History

Sigmund gestures wildly while chanting.
Sigmund flickers and vanishes!
Deactivating autopickup; reactivate with Ctrl-A.
Something hits you.
You closely miss something. Something hits you!
You barely miss something. Your headbutt misses something. You miss something.
You hear some strange, mumbled words.
A magic dart appears from out of thin air!
The magic dart hits you.
You hit something. You headbutt something.
Something hits you but does no damage.
You closely miss something. Something hits you.
* * * LOW HITPOINT WARNING * * *
You feel better. Something hits you but does no damage.
You miss something.
It was a potion of enlightenment.
You feel very buoyant.
You fly up into the air.
Something hits you but does no damage.
You barely miss something. Your headbutt misses something.
Something hits you but does no damage.
You completely miss something. Something hits you!
You closely miss something. You headbutt something.
You hit something but do no damage. Something hits you.
* * * LOW HITPOINT WARNING * * *
It was a potion of brilliance.
You feel clever all of a sudden. Something hits you!
* * * LOW HITPOINT WARNING * * *
Throw: 3 throwing nets
Press: ? - help, Shift-Dir - straight line You throw a throwing net.
Okay, then.
Throw: 2 throwing nets
Press: ? - help, Shift-Dir - straight line You throw a throwing net.
You hear some strange, mumbled words.
A puff of flame appears from out of thin air!
The puff of flame hits you.
You die...

##..#...#......
#########...###......
#.........>.# #......
#...........# #......
#...........# #......
#...........# #......
#...........# #......
#...........# #.#####
#...@.......# #.#
#..{........# #.#
#...........# #.#
#(..........###.#
#####...........#
#############


There were no monsters in sight!

Vanquished Creatures
  4 gnolls (D:3)
  4 adders
  4 dart slugs
  A ribbon worm (D:2)
  An orc (D:3)
  7 ball pythons
  6 bats
  5 endoplasms
  5 giant cockroaches
  6 goblins
  5 hobgoblins
  7 kobolds
  7 quokkas
  4 frilled lizards
  7 rats
73 creatures vanquished.

Notes
Turn   | Place    | Note
-------+----------+-------------------------------------------
     0 | D:1      | IdlyInterested the Demonspawn Gladiator began the quest for
                  | the Orb.
     0 | D:1      | Reached XP level 1. HP: 16/16 MP: 1/1
    55 | D:1      | Reached skill level 3 in Long Blades
    55 | D:1      | Reached skill level 1 in Armour
    55 | D:1      | Gained mutation: You have a somewhat thin skeletal
                  | structure. (Dex +2, Stealth+) [demonic ancestry]
    55 | D:1      | Reached XP level 2. HP: 14/22 MP: 2/2
   249 | D:1      | Gained mutation: You have a pair of small horns on your
                  | head. [demonic ancestry]
   249 | D:1      | Reached XP level 3. HP: 26/27 MP: 3/3
   485 | D:1      | You fall into a shaft and drop 1 floor!
   662 | D:1      | Reached skill level 4 in Long Blades
   797 | D:2      | Found a broken altar of Ashenzari.
   924 | D:2      | Reached XP level 4. HP: 28/33 MP: 4/4
  1316 | D:2      | Found a faded altar of an unknown god.
  1448 | D:3      | Reached skill level 1 in Stealth
  1497 | D:3      | Reached skill level 1 in Evocations
  1505 | D:3      | Reached XP level 5. HP: 5/38 MP: 5/5
  2063 | D:3      | Noticed Sigmund
  2080 | D:3      | HP: 1/38 [something (7)]
  2082 | D:3      | Killed from afar by Sigmund

Illustrated notes

Levels and vault maps discovered:
D:1:      minmay_arrival_doors, layout_rooms
D:2:      layout_rooms, basic_altar, shapermc_ecumenical_altar_petra,
          minmay_mini_jars
D:3:      layout_basic, uniq_sigmund

Skill      XL: |  1  2  3  4 |
---------------+-------------+-----
Long Blades    | 3 4 |  4.8
Armour         | 1 |  1.0
Stealth        | 1 |  1.0
Evocations     | 1 |  1.0
Fighting       | |  2.0
Throwing       | |  1.7
Dodging        | |  2.6
Shapeshifting  | |  0.5

Action                     |  1- 3 |  4- 6 || total
---------------------------+-------+-------++-------
  Melee: Long sword        |    94 |   113 ||   207
         Headbutt          |     8 |    15 ||    23
  Throw: Stone             |       |     2 ||     2
         Throwing net      |       |     2 ||     2
    Use: Potion            |     1 |     3 ||     4
   Stab: Sleeping          |     5 |       ||     5
 Armour: Leather armour    |    61 |     4 ||    65
         Chain mail        |       |    99 ||    99
         Scale mail        |       |    21 ||    21
  Dodge: Dodged            |    86 |    64 ||   150

Table legend: (Time is in decaauts)
 A = Elapsed time spent in this place.
 B = Non-inter-level travel time spent in this place.
 C = Inter-level travel time spent in this place.
 D = Time resting spent in this place.
 E = Time spent auto-exploring this place.
 F = Levels seen in this place.
 G = Mean time per level.
                   A        B        C        D        E       F      G
               +--------+--------+--------+--------+--------+-----+--------+
         Total |   2121 |   1969 |    152 |    166 |   1124 |   3 |  707.0 |
       Dungeon |   2121 |   1969 |    152 |    166 |   1124 |   3 |  707.0 |
               +--------+--------+--------+--------+--------+-----+--------+

Top non-repeatable levels by time:
     D:2: 740 daAuts
     D:1: 719 daAuts
     D:3: 661 daAuts
